AoeStats
← wayd21

Migration

509796818Analyzed
1v1 RM · 5d ago on Sep 28, 2026· 46m 5s· 2 players
Game mode
Random Map
Map size
132×132
Population
200
Speed
Normal
Resources
Standard
Victory
Conquest
Starting age
Dark Age
Ending age
Imperial Age
RankedLock teamsTeams togetherTeam positionsShared explorationLock speedFull tech treeHidden civsTurbo modeCheats
Victory
Defeat
🇨🇴 Franks · Colombia
987
+16
🇨🇴 Dravidians · Colombia
978
-16
wayd21
0:27 Loom
13:45 Feudal Age
14:42 Double-Bit Axe
20:04 Castle Age
19:30 Forging
20:20 Pikeman
21:03 Squires
24:11 Wheelbarrow
24:23 Bow Saw
24:38 Horse Collar
27:20 Heavy Plow
28:07 Hand Cart
33:26 Imperial Age
31:52 Gold Mining
31:58 Stone Mining
34:52 Conscription
37:51 Two-Man Saw
40:08 Elite Elephant Archer
42:17 Padded Archer Armor
45:51 Chemistry
45:12 Ballistics
luchoval1
11:29 Feudal Age
17:40 Castle Age
19:37 Wheelbarrow
22:14 Double-Bit Axe
26:01 Town Watch
31:32 Imperial Age
31:04 Bow Saw
31:48 Hand Cart
31:47 Forging
31:37 Scale Mail Armor
31:42 Scale Barding Armor
31:40 Gold Mining
31:44 Stone Mining
32:28 Town Patrol
33:45 Gold Shaft Mining
34:42 Loom
36:51 Chemistry
35:32 Treadmill Crane
37:19 Iron Casting
36:59 Chain Mail Armor
37:04 Chain Barding Armor
36:35 Fletching
36:45 Padded Archer Armor
38:11 Squires
39:29 Careening
39:30 Clinker Construction
40:37 Ordonnance Companies
41:40 Conscription
42:02 Elite Throwing Axeman
44:47 Medium Warships
46:20 Siege Engineers
46:37 Carvel Hull
46:40 Dry Dock
Connection lost

Rejoining the realm…

Still unreachable

The connection could not be restored.

Session expired

The server has moved on; the page needs a fresh start.